 Dungeon Crawl Stone Soup version 0.30.1-3-gfc49f6343a (webtiles) character file.

Game seed: 14035823120958409872

107 cdecastro the Caller (level 4, 0/30 HPs)
             Began as a Merfolk Summoner on Aug 1, 2023.
             Was a High Priest of Ignis.
             Slain by a cerulean imp
             ... wielding a +1 spear
             ... summoned by Natasha
              (3 damage)
             ... on level 3 of the Dungeon.
             The game lasted 00:07:28 (3123 turns).

cdecastro the Caller (Merfolk Summoner)             Turns: 3123, Time: 00:07:29

Health: 0/30       AC:  6    Str: 14    XL:     4   Next: 86%
Magic:  4/7        EV: 12    Int: 16    God:    Ignis [*****.]
Gold:   111        SH:  0    Dex: 14    Spells: 1/7 levels left

rFire   + . .        t - +0 short sword (freeze)
rCold   . . .        (no shield)
rNeg    . . .        a - +0 robe
rPois   .            (no helmet)
rElec   .            (no cloak)
rCorr   .            (no gloves)
SInv    .            (no boots)
Will    .....        (no amulet)
Stlth   ++           d - +4 ring of protection
HPRegen 0.25/turn    p - +6 ring of strength
MPRegen 0.10/turn

%: no passive effects
@: no status effects
A: (nimble swimmer 2), mertail
a: Renounce Religion, Fiery Armour, Foxfire Swarm, Rising Flame


You were on level 3 of the Dungeon.
You worshipped Ignis.
Ignis was extremely pleased with you.
You visited 1 branch of the dungeon, and saw 3 of its levels.

You collected 111 gold pieces.

Inventory:

Hand Weapons
 k - a +0 dagger
 t - a +0 short sword of freezing (weapon)
Missiles
 m - 2 throwing nets
Armour
 a - a +0 robe (worn)
 o - the +0 cloak of a treasure trove {rPois rF+ Str-4 Dex+8}
   (You found it on level 2 of the Dungeon)

   Str:       It affects your strength (-4).
   Dex:       It affects your dexterity (+8).
   rF:        It protects you from fire.
   rPois:     It protects you from poison.
Jewellery
 d - a +4 ring of protection (left hand)
 p - a +6 ring of strength (right hand)
Scrolls
 c - a scroll of poison {unknown}
 h - 2 scrolls of blinking {unknown}
 j - a scroll of enchant armour {unknown}
 l - 4 scrolls of identify {unknown}
 q - a scroll of noise {unknown}
 r - a scroll of teleportation {unknown}
 v - 3 scrolls of amnesia {unknown}
Potions
 b - a potion of magic
 e - 2 potions of heal wounds {unknown}
 f - a potion of cancellation {unknown}
 g - a potion of might {unknown}
 i - a potion of mutation {unknown}
 n - 2 potions of curing {unknown}
 s - a potion of degeneration {unknown}
 u - a potion of lignification {unknown}


   Skills:
 - Level 2.6 Dodging
 - Level 2.1 Stealth
 - Level 2.0 Spellcasting
 + Level 6.0 Summonings


You had one spell level left.
You knew the following spells:

 Your Spells              Type           Power      Damage    Failure   Level
a - Summon Small Mammal   Summ           84%        N/A       1%          1
b - Call Imp              Summ           42%        N/A       2%          2
c - Call Canine Familiar  Summ           21%        N/A       4%          3

Your spell library contained the following spells:

 Spells                   Type           Power      Damage    Failure   Level
 Sandblast                Erth           2%         2d4       21%         1
 Summon Guardian Golem    Hex/Summ       11%        N/A       19%         3
 Passwall                 Tmut/Erth      0%         N/A       30%         2
 Static Discharge         Conj/Air       2%         2-3/arc   30%         2
 Stone Arrow              Conj/Erth      2%         3d7       52%         3
 Summon Lightning Spire   Summ/Air       11%        N/A       52%         4
 Airstrike                Air            0%         2d(1-17)  90%         4


Dungeon Overview and Level Annotations

Branches:
Dungeon (3/15)

Altars:
Ignis

Annotations:
D:3 Natasha, Sigmund


Innate Abilities, Weirdness & Mutations

((You are very nimble when in or above water. (Stealth+, EV+, Speed+++)))
Your lower body shifts to a powerful aquatic tail in water.


Message History

Your cerulean imp hits the cerulean imp but does no damage.
The cerulean imp hits you but does no damage.
You barely miss Natasha.
Natasha is severely wounded.
Natasha barely misses you.
Your quokka barely misses the cerulean imp.
The cerulean imp closely misses you. The cerulean imp misses you.
The cerulean imp barely misses you.
Your cerulean imp misses the cerulean imp.
Your rat completely misses the cerulean imp.
You miss Natasha.
Natasha is heavily wounded.
Your quokka bites the cerulean imp but does no damage.
Natasha claws you!
* * * LOW HITPOINT WARNING * * *
The cerulean imp hits you from afar with a +1 spear.
* * * LOW HITPOINT WARNING * * *
The cerulean imp hits you from afar with a +1 spear.
* * * LOW HITPOINT WARNING * * *
Your cerulean imp misses the cerulean imp.
Your quokka bites the cerulean imp.
The cerulean imp hits you but does no damage.
Your rat closely misses the cerulean imp.
You barely miss Natasha.
Natasha is heavily wounded.
Natasha claws you but does no damage.
The cerulean imp hits you but does no damage.
The cerulean imp barely misses you.
Your quokka closely misses the cerulean imp.
The cerulean imp closely misses you.
Your cerulean imp hits the cerulean imp but does no damage.
Your rat barely misses the cerulean imp.
You hit Natasha. You freeze Natasha.
Natasha is almost dead.
Natasha claws you but does no damage.
Your quokka bites the cerulean imp but does no damage.
The cerulean imp hits you from afar with a +1 spear.
* * * LOW HITPOINT WARNING * * *
The cerulean imp hits you from afar with a +1 spear.
You die...

..........###....## ...........#
#..######### #### .÷.........#
#.........####...
...........######...#####.....(..
.......[..##.....÷#..#######.#...
#............##..............####
...##.########..55.#.#########
#.###.# #####..h.5.#.# ..#
..###.....#5@..#.#
....####.h#####rr..#.# ..### #.##
#....#.## ..# ####.# ##.#....#..#
....#....###..#....##.#
..#.#.#####..###.####.# ##
..#...####..........#.###....
.h........................#
.##...................#####


You could see Natasha, 3 cerulean imps, a friendly cerulean imp (summoned), a
friendly quokka (summoned) and a friendly rat (summoned).

Vanquished Creatures
  An orc (D:2)
  A ball python (D:2)
  4 bats
  2 endoplasms (D:3)
  A giant cockroach (D:2)
  A goblin (D:1)
  2 quokkas (D:2)
12 creatures vanquished.

Vanquished Creatures (collateral kills)
  Jessica (D:3)
  2 adders
  A shadow imp (D:3)
  A worm (D:2)
  2 orcs (D:2)
  4 ball pythons
  4 endoplasms
  2 giant cockroaches
  5 goblins
  4 jackals (D:1)
  A quokka (D:1)
  A bat (D:1)
  3 frilled lizards
  4 kobolds
  A rat (D:2)
36 creatures vanquished.

Grand Total: 48 creatures vanquished

Notes
Turn   | Place    | Note
-------+----------+-------------------------------------------
     0 | D:1      | cdecastro the Merfolk Summoner began the quest for the Orb.
     0 | D:1      | Reached XP level 1. HP: 13/13 MP: 3/3
   525 | D:1      | Reached XP level 2. HP: 12/19 MP: 1/5
  1514 | D:2      | Reached XP level 3. HP: 23/24 MP: 3/6
  1603 | D:2      | Reached skill level 5 in Summonings
  1631 | D:2      | Found a faded altar of an unknown god.
  1634 | D:2      | Prayed at the altar of an unknown god.
  1634 | D:2      | Became a worshipper of Ignis, the Dying Flame
  1655 | D:2      | Identified the +0 cloak of a treasure trove {rPois rF+
                  | Str-4 Dex+8}
  2527 | D:3      | Noticed Sigmund
  2545 | D:2      | Learned a level 2 spell: Call Imp
  2549 | D:2      | Learned a level 3 spell: Call Canine Familiar
  2562 | D:3      | Noticed Jessica
  2575 | D:3      | Killed Jessica
  2576 | D:3      | Reached XP level 4. HP: 26/30 MP: 3/7
  2789 | D:3      | Noticed Natasha
  3003 | D:3      | Reached skill level 6 in Summonings
  3123 | D:3      | Slain by a cerulean imp

Illustrated notes

Levels and vault maps discovered:
D:1:      ncdulo_smallfort, layout_loops_corners, reono_crystal_passage,
          chequers_serial_rivers_micro_a
D:2:      layout_loops_ring, hellmonk_ecumenical_altar_defaced_shrine,
          st_stairs_7, minmay_tetromino_s4
D:3:      layout_rooms, nicolae_half_adder, uniq_natasha, uniq_sigmund,
          uniq_jessica

Skill      XL: |  1  2  3  4 |
---------------+-------------+-----
Summonings     | 5 6 |  6.0
Dodging        | |  2.6
Stealth        | |  2.1
Spellcasting   | |  2.0

Action                     |  1- 3 |  4- 6 || total
---------------------------+-------+-------++-------
  Melee: Unarmed           |    42 |       ||    42
         Dagger            |    91 |       ||    91
         Punch             |     3 |     1 ||     4
         Short sword       |       |    14 ||    14
   Cast: Summon Small Mamm |    55 |    16 ||    71
         Call Imp          |     1 |     8 ||     9
   Stab: Sleeping          |     2 |       ||     2
 Armour: Robe              |    55 |    16 ||    71
  Dodge: Dodged            |   110 |    14 ||   124
